 Dungeon Crawl Stone Soup version 0.29.0-4-gdea44cf6ec (webtiles) character file.

Game seed: 3362511531237207573

35 qw the Ruffian (level 3, 0/28 HPs)
             Began as a Ghoul Fire Elementalist on Aug 29, 2022.
             Slain by an orc wizard
             ... wielding a +0 dagger
              (3 damage)
             ... on level 2 of the Dungeon.
             The game lasted 00:01:13 (2152 turns).

qw the Ruffian (Ghoul Fire Elementalist)            Turns: 2152, Time: 00:01:14

Health: 0/28       AC:  5    Str: 13    XL:     3   Next: 33%
Magic:  4/4        EV: 10    Int: 10    God:
Gold:   39         SH:  0    Dex:  9    Spells: 4/5 levels left

rFire   . . .      SeeInvis .     - Unarmed
rCold   + . .      Faith    .   (no shield)
rNeg    + + +      Spirit   .   e - +0 ring mail
rPois   inf        Reflect  .   (no helmet)
rElec   .          Harm     .   (no cloak)
rCorr   .          Rampage  .   (no gloves)
Will    .....                   (no boots)
Stlth   ..........              (no amulet)
HPRegen 0.00/turn               (no ring)
MPRegen 0.09/turn               (no ring)

@: confused, inhibited regen
A: claws 1, cold resistance 1, negative energy resistance 3, inhibited
regeneration, torment resistance 2, devour on kill
a: no special abilities


You were on level 2 of the Dungeon.
You visited 1 branch of the dungeon, and saw 2 of its levels.

You collected 39 gold pieces.


Innate Abilities, Weirdness & Mutations

You are immune to poison.
You have sharp fingernails.
Your flesh is cold resistant. (rC+)
You are immune to negative energy. (rN+++)
You do not regenerate when monsters are visible.
You are immune to unholy pain and torment.
You thrive by killing the living.


   Skills:
 - Level 1.2 Fighting
 - Level 1.7 Dodging
 - Level 2.1 Stealth
 + Level 2.8 Unarmed Combat
 - Level 1.7 Spellcasting
 - Level 0.7 Conjurations
 - Level 2.4 Fire Magic


You had 4 spell levels left.
You knew the following spells:

 Your Spells              Type           Power      Damage    Failure   Level
a - Foxfire               Conj/Fire      16%        2x1d4     36%         1

Your spell library contained the following spells:

 Spells                   Type           Power      Damage    Failure   Level
 Scorch                   Fire           10%        2d6       36%         2
 Conjure Flame            Conj/Fire      4%         6-21      73%         3
 Inner Flame              Hex/Fire       3%         N/A       78%         3
 Flame Wave               Conj/Fire      4%         2d5       98%         4

Inventory:

Armour
 e - a +0 ring mail (worn)
Jewellery
 a - a ring of resist corrosion
Scrolls
 Y - 3 scrolls of identify
Potions
 c - a potion of ambrosia {unknown}
 d - a potion of curing {unknown}
 g - a potion of invisibility {unknown}

Dungeon Overview and Level Annotations

Branches:
Dungeon (2/15)

Altars:

Shops:
D:1 [   D:2 =


Message History

Something hits you. The orc wizard barely misses you.
You barely miss the orc wizard.
The orc wizard is moderately wounded.
Something hits you but does no damage. The orc wizard closely misses you.
You scratch the orc wizard but do no damage.
The orc wizard is moderately wounded.
Something hits you. The orc wizard barely misses you.
You closely miss the orc wizard.
The orc wizard is moderately wounded.
You scratch the orc wizard but do no damage.
The orc wizard is moderately wounded.
The orc wizard points at you and mumbles some strange words.
You are confused.
You closely miss the orc wizard.
The orc wizard is moderately wounded.
Something hits you but does no damage. The orc wizard barely misses you.
You scratch the orc wizard.
The orc wizard is heavily wounded.
Something hits you. The orc wizard casts a spell at you.
You are more confused.
You're too confused to move!
Something hits you but does no damage.
The orc wizard hits you with a +0 dagger.
You barely miss the orc wizard.
The orc wizard is heavily wounded.
Something hits you. The orc wizard casts a spell at you.
The puff of flame misses you.
You bump into the rock wall.
Something hits you but does no damage.
The orc wizard hits you with a +0 dagger.
You bump into the rock wall.
Something hits you. The orc wizard casts a spell at you.
You resist with significant effort.
You closely miss the orc wizard.
The orc wizard is heavily wounded.
Something hits you.
You die...

##.## #)# #.#
#.# ### #.###.#
.. #.....# #.
#.###.#
###.####...#.##
#..{@.........#
#.#o####......#
#o ###.#..# #.
.#..# .. .. .#
#. .## # #. .#
#.


You could see an orc wizard and an orc.

Vanquished Creatures
  4 dart slugs
  3 ball pythons (D:1)
  3 endoplasms
  A giant cockroach (D:1)
  2 goblins (D:1)
  A hobgoblin (D:2)
  4 kobolds
  A quokka (D:1)
  3 bats (D:1)
  2 frilled lizards
  A rat (D:1)
25 creatures vanquished.

Notes
Turn   | Place    | Note
-------+----------+-------------------------------------------
     0 | D:1      | qw the Ghoul Fire Elementalist began the quest for the Orb.
     0 | D:1      | Reached XP level 1. HP: 14/14 MP: 2/2
     0 | D:1      | 0 ||| qw: Version: 0.1-a-90-g952f4b7
     0 | D:1      | 0 ||| qw: Game counter: 3885
     0 | D:1      | 0 ||| qw: Always use a shield: true
     0 | D:1      | 0 ||| qw: God list: Okawaru
     0 | D:1      | 0 ||| qw: Allow faded altars: false
     0 | D:1      | 0 ||| qw: Do Orc after D:15 true
     0 | D:1      | 0 ||| qw: Do second Lair branch before Depths: true
     0 | D:1      | 0 ||| qw: Lair rune preference: random
     0 | D:1      | 0 ||| qw: Plans: Normal
     0 | D:1      | 0 ||| PLANNING D:1-11
    44 | D:1      | 44 ||| Stepping ~*~*~tactically~*~*~ (stealth).
    46 | D:1      | 46 ||| Stepping ~*~*~tactically~*~*~ (stealth).
    50 | D:1      | 50 ||| Stepping ~*~*~tactically~*~*~ (hiding).
    61 | D:1      | Reached skill level 1 in Unarmed Combat
   206 | D:1      | 206 ||| Stepping ~*~*~tactically~*~*~ (hiding).
   308 | D:1      | 308 ||| Stepping ~*~*~tactically~*~*~ (hiding).
   410 | D:1      | 410 ||| Stepping ~*~*~tactically~*~*~ (hiding).
   512 | D:1      | 512 ||| Stepping ~*~*~tactically~*~*~ (hiding).
   614 | D:1      | 614 ||| Stepping ~*~*~tactically~*~*~ (hiding).
   716 | D:1      | 716 ||| Stepping ~*~*~tactically~*~*~ (hiding).
   818 | D:1      | 818 ||| Stepping ~*~*~tactically~*~*~ (hiding).
   820 | D:1      | 820 ||| Stepping ~*~*~tactically~*~*~ (hiding).
   831 | D:1      | Reached skill level 1 in Fighting
   831 | D:1      | Reached XP level 2. HP: 17/23 MP: 3/3
  1174 | D:1      | Found Ucaimi Edinn's Armour Boutique.
  1310 | D:1      | 1310 ||| SHOPLISTING +3 leather armour of fire resistance
                  | (264 gold, have 0).
  1473 | D:1      | Reached XP level 3. HP: 28/28 MP: 4/4
  1536 | D:1      | Found a faded altar of an unknown god.
  1773 | D:1      | 1773 ||| UPGRADING to +0 ring mail.
  1783 | D:1      | 1783 ||| DROPPING +0 robe.
  1784 | D:1      | 1784 ||| READING 2 scrolls labelled UMIGALIACK.
  1785 | D:1      | 1785 ||| DROPPING potion of magic.
  1858 | D:2      | Found Ohueg's Jewellery Emporium.
  1869 | D:2      | 1869 ||| SHOPLISTING +4 ring of evasion (468 gold, have
                  | 39).
  1869 | D:2      | 1869 ||| SHOPLISTING +6 ring of dexterity (468 gold, have
                  | 39).
  1869 | D:2      | 1869 ||| SHOPLISTING amulet of reflection (390 gold, have
                  | 39).
  1869 | D:2      | 1869 ||| SHOPLISTING ring of protection from cold (325
                  | gold, have 39).
  1869 | D:2      | 1869 ||| SHOPLISTING ring of resist corrosion (260 gold,
                  | have 39).
  2133 | D:2      | 2133 ||| Stepping ~*~*~tactically~*~*~ (hiding).
  2149 | D:2      | HP: 5/28 [something (3)]
  2152 | D:2      | Slain by an orc wizard

Levels and vault maps discovered:
D:1:      mrwooster_arrival_statue_2, layout_basic, serial_shops, shop,
          ebering_ecumenical_altar_sacrificial
D:2:      layout_loops_ring, serial_shops, nicolae_square_shop, basic_altar

Skill      XL: |  1  2 |
---------------+-------+-----
Unarmed Combat | 1 2 |  2.8
Fighting       | 1 |  1.2
Dodging        | |  1.7
Stealth        | |  2.1
Spellcasting   | |  1.7
Conjurations   | |  0.7
Fire Magic     | |  2.4

Action                   || total
-------------------------++-------
Melee: Unarmed           ||    96
       Punch             ||     3
  Use: Scroll            ||     1
Armor: Robe              ||    15
       Ring mail         ||    10
Dodge: Dodged            ||    40

Table legend:
 A = Non-vault XP
 B = Vault XP
 C = Vault XP percentage of total XP
 D = Non-vault monster count
 E = Vault monster count
 F = Vault count percentage of total count
                 A         B        C        D         E       F
            +---------+---------+-------+---------+---------+-------
      Total |      50 |       0 |   0.0 |      25 |       0 |   0.0
            +---------+---------+-------+---------+---------+-------
        D:1 |      38 |       0 |   0.0 |      19 |       0 |   0.0
        D:2 |      12 |       0 |   0.0 |       6 |       0 |   0.0
            +---------+---------+-------+---------+---------+-------
